 Dungeon Crawl Stone Soup version 0.19-a0-1932-g59670f6 (webtiles) character file.

6069 Lochraine the Geomancer (level 10, -3/63 HPs)
             Began as a Gargoyle Earth Elementalist on Oct 25, 2016.
             Was an Elder of Vehumet.
             Slain by a hill giant
             ... wielding a +0 giant spiked club
              (40 damage)
             ... on level 10 of the Dungeon.
             The game lasted 00:45:34 (15359 turns).

Lochraine the Geomancer (GrEE)                     Turns: 15359, Time: 00:45:35

Health: -3/63      AC: 12    Str: 13    XL:     10   Next: 87%
Magic:  13/20      EV: 13    Int: 18    God:    Vehumet [****..]
Gold:   419        SH:  0    Dex: 10    Spells: 7 memorised, 4 levels left

rFire  . . .     SeeInvis .     Q - +2 halberd (protect)
rCold  . . .     Gourm    .     c - +0 robe
rNeg   + . .     Faith    .     (shield currently unavailable)
rPois  ∞         Spirit   .     z - +0 hat
rElec  +         Reflect  .     h - +0 cloak
rCorr  +         Harm     .     o - +0 pair of gloves
MR     .....                    C - +0 pair of boots (curse)
Stlth  ++........               (no amulet)
                                y - ring of flight
                                G - ring of resist corrosion

@: no status effects
A: negative energy resistance 1, electricity resistance, unbreathing,
petrification resistance, rot immunity, AC +7
a: Renounce Religion, Evoke Flight


You were on level 10 of the Dungeon.
You worshipped Vehumet.
Vehumet was greatly pleased with you.
You were very hungry.

You visited 1 branch of the dungeon, and saw 10 of its levels.

You collected 419 gold pieces.

Inventory:

Hand Weapons
 t - a +1 mace of draining
 Q - a +2 halberd of protection (weapon)
Missiles
 b - 215 stones (quivered)
 j - 3 exploding tomahawks
Armour
 c - a +0 robe (worn)
 h - a +0 cloak (worn)
 o - a +0 pair of gloves (worn)
 z - a +0 hat (worn)
 C - a cursed +0 pair of boots (worn)
Jewellery
 k - an uncursed ring of positive energy
 y - a ring of flight (right hand)
 G - a ring of resist corrosion (left hand)
Wands
 x - a wand of confusion (34/48)
 H - a wand of iceblast (2/15)
 J - a wand of flame (14/48)
 O - a wand of flame (28/48)
Scrolls
 a - 2 scrolls of magic mapping
 g - 2 scrolls of identify
 i - 5 scrolls of remove curse
 p - a scroll of amnesia
 q - a scroll of enchant armour {unknown}
 r - 2 scrolls of recharging {unknown}
 v - a scroll of teleportation {unknown}
 B - 2 scrolls of fog {unknown}
 P - a scroll of immolation {unknown}
Potions
 l - 4 potions of lignification
 m - a potion of cure mutation
 n - 2 potions of berserk rage {unknown}
 s - 2 potions of resistance {unknown}
 u - 2 potions of haste {unknown}
 A - 4 potions of curing {unknown}
 D - a potion of heal wounds
 E - a potion of cancellation {unknown}
 K - a potion of degeneration {unknown}
 L - 2 potions of ambrosia {unknown}
Books
 e - a book of Geomancy

   Spells                             Type                      Level
   a - Sandblast                      Earth                        1
   b - Passwall                       Transmutation/Earth          2
   c - Stone Arrow                    Conjuration/Earth            3
   d - Petrify                        Transmutation/Earth          4
   e - Lee's Rapid Deconstruction     Earth                        5
 F - a book of Clouds

   Spells                             Type                      Level
   a - Mephitic Cloud                 Conjuration/Poison/Air       3
   b - Conjure Flame                  Conjuration/Fire             3
   c - Poisonous Cloud                Conjuration/Poison/Air       6
   d - Freezing Cloud                 Conjuration/Ice/Air          6
   e - Ring of Flames                 Charms/Fire                  7
 N - a book of Callings

   Spells                             Type                      Level
   a - Summon Small Mammal            Summoning                    1
   b - Call Imp                       Summoning                    2
   c - Call Canine Familiar           Summoning                    3
   d - Summon Guardian Golem          Hexes/Summoning              3
   e - Summon Lightning Spire         Summoning/Air                4
   f - Summon Ice Beast               Ice/Summoning                4
Comestibles
 d - 5 bread rations
 f - 4 meat rations
 w - 30 fruits


   Skills:
 + Level 7.1 Fighting
 * Level 3.5 Dodging
 - Level 2.1 Stealth
 + Level 7.0 Spellcasting
 + Level 7.5 Conjurations
 - Level 0.7 Transmutations
 - Level 1.3 Air Magic
 + Level 11.6 Earth Magic
 - Level 1.2 Poison Magic


You had 4 spell levels left.
You knew the following spells:

 Your Spells              Type           Power        Failure   Level  Hunger
a - Sandblast             Erth           #####.       1%          1    None
b - Stone Arrow           Conj/Erth      #####.       1%          3    ##.....
c - Passwall              Tmut/Erth      ####......   1%          2    None
e - Searing Ray           Conj           ####..       1%          2    None
f - Lee's Rapid Deconstr  Erth           #####.....   1%          5    #####..
g - Mephitic Cloud        Conj/Pois/Air  ###.....     2%          3    ##.....
h - Conjure Flame         Conj/Fire      ###.....     2%          3    ##.....


Dungeon Overview and Level Annotations

Branches:
Dungeon (10/15)            Temple (0/1) D:7            Lair (0/6) D:10
    Orc: D:9-12

Altars:
Elyvilon
Fedhas
Makhleb
Nemelex Xobeh
Uskayaw
Vehumet
Xom
The Shining One


Innate Abilities, Weirdness & Mutations

You are resistant to torment.
Your stone body is resilient. (AC +7)
You are immune to poison.
You resist negative energy. (rN+)
You are resistant to electric shocks. (rElec)
You can survive without breathing.
You are immune to petrification.
You are immune to rotting.


Message History

The wyvern is engulfed in noxious fumes.
The wyvern appears confused.
The hill giant hits you with a giant spiked club!!
* * * LOW HITPOINT WARNING * * *
A hornet comes into view.
You feel much better.
You don't have the energy to cast that spell.
Okay, then.
Okay, then.
You start eating one of the 31 fruits.
The hill giant hits you with a giant spiked club!!
* * * LOW HITPOINT WARNING * * *
You are feeling very hungry.
That choko was very bland.
You feel much better. The hill giant barely misses you.
As you read the scroll labeled ZUKUSM IHOREB, it crumbles to dust.
You feel aware of your surroundings.
It was a scroll of magic mapping.
The hill giant hits you with a giant spiked club!!!
Ouch! That really hurt!
You die...

,#........# ,...###..?########
,.?,,#......##...##
,.*,,#..#.........##
,,***####..........#
,,*,,#$.#..###.....##
,,,,,*.(....#.......#
,*,.###..#.$#..#...##
**,......#######@.## ***
,*,,$....#..#..#C## *,*
,,,,###.....#...y# **,*
,,,,,#.....###...# ****,**
,,*,,*,,#.(......#####**,,,,*
,,******#.............,,,,,,*
,,*,,*,,#.............,,,,,,**
,,,,,#.....###........,,****,**
,,,,*##.....#....###..,,* **,*


You could see a hill giant and a hornet.

Vanquished Creatures
  A hill giant (D:9)
  A hippogriff (D:7)
  5 yaks (D:9)
  A wyvern (D:10)
  Edmund (D:6)
  The ghost of varam the Sneak, an amateur SpEn (D:3)
  A black bear (D:8)
  3 orc warriors
  4 ice beasts
  3 centaurs
  4 ogres
  A crocodile (D:7)
  4 big kobolds
  3 bullfrogs
  A water moccasin zombie (D:3)
  3 scorpions
  A wyvern skeleton (D:7)
  A water moccasin skeleton (D:6)
  10 killer bees
  4 wights (D:8)
  5 crimson imps
  2 jellies
  4 hounds
  6 orc wizards
  2 centaur skeletons
  3 orc priests
  2 bullfrog skeletons (D:7)
  3 iguanas
  5 worker ants
  A killer bee zombie (D:8)
  2 hound zombies
  A howler monkey zombie (D:7)
  3 worker ant zombies
  7 gnolls
  10 adders
  3 river rats
  2 shadow imps
  2 oozes
  An adder skeleton (D:3)
  2 worms
  6 dart slugs
  5 leopard geckos
  23 orcs
  A giant cockroach (D:1)
  4 goblins
  5 hobgoblins
  5 jackals
  4 quokkas
  A ball python (D:4)
  12 bats
  5 frilled lizards
  A giant cockroach zombie (D:5)
  19 kobolds
  13 rats
223 creatures vanquished.

Vanquished Creatures (collateral kills)
  A killer bee (D:9)
1 creature vanquished.

Vanquished Creatures (others)
  A fungus (D:10)
1 creature vanquished.

Grand Total: 225 creatures vanquished

Notes
Turn   | Place    | Note
-------+----------+-------------------------------------------
     0 | D:1      | Lochraine the Gargoyle Earth Elementalist began the quest for the Orb.
     0 | D:1      | Reached XP level 1. HP: 10/10 MP: 3/3
   595 | D:1      | Reached XP level 2. HP: 11/15 MP: 5/5
   889 | D:1      | Reached skill level 4 in Earth Magic
  2255 | D:2      | Found a burning altar of Makhleb.
  2414 | D:2      | Reached XP level 3. HP: 13/19 MP: 3/6
  3058 | D:2      | Found a radiant altar of Vehumet.
  3063 | D:2      | Learned a level 3 spell: Stone Arrow
  3075 | D:2      | Became a worshipper of Vehumet
  3667 | D:3      | Reached skill level 1 in Conjurations
  3667 | D:3      | Reached XP level 4. HP: 11/24 MP: 2/8
  3669 | D:3      | Reached skill level 5 in Earth Magic
  4274 | D:3      | Noticed varam's ghost (amateur SpEn)
  4655 | D:2      | Reached XP level 5. HP: 25/28 MP: 6/9
  4760 | D:2      | Learned a level 2 spell: Passwall
  5376 | D:3      | Killed varam's ghost
  5376 | D:3      | Reached skill level 1 in Fighting
  5376 | D:3      | Reached XP level 6. HP: 29/34 MP: 1/11
  5930 | D:3      | Found a sparkling altar of Nemelex Xobeh.
  6535 | D:4      | Reached * piety under Vehumet
  6535 | D:4      | Offered knowledge of Shock by Vehumet.
  6544 | D:4      | Reached skill level 6 in Earth Magic
  7011 | D:4      | Found a white marble altar of Elyvilon.
  7119 | D:4      | Reached XP level 7. HP: 37/39 MP: 12/12
  7164 | D:4      | Learned a level 1 spell: Shock
  7638 | D:5      | Entered Level 5 of the Dungeon
  7868 | D:5      | Reached skill level 5 in Conjurations
  8315 | D:5      | Reached skill level 7 in Earth Magic
  8315 | D:5      | Reached XP level 8. HP: 39/46 MP: 12/14
  8577 | D:5      | Found a glowing golden altar of the Shining One.
  8838 | D:6      | Found a shimmering altar of Xom.
  8921 | D:6      | Offered knowledge of Searing Ray by Vehumet.
  8921 | D:6      | Reached skill level 8 in Earth Magic
  8931 | D:6      | Reached ** piety under Vehumet
  8938 | D:6      | Learned a level 2 spell: Searing Ray
  9360 | D:6      | Noticed Edmund
  9367 | D:6      | Learned a level 5 spell: Lee's Rapid Deconstruction
  9373 | D:6      | Killed Edmund
  9373 | D:6      | Reached skill level 5 in Spellcasting
  9622 | D:6      | Reached skill level 9 in Earth Magic
  9622 | D:6      | Reached XP level 9. HP: 50/52 MP: 16/16
  9674 | D:6      | Found a hide-covered altar of Uskayaw.
 10103 | D:7      | Reached skill level 5 in Fighting
 10421 | D:7      | Found a staircase to the Ecumenical Temple.
 10664 | D:7      | Reached skill level 10 in Earth Magic
 11385 | D:7      | Offered knowledge of Mephitic Cloud by Vehumet.
 11390 | D:7      | Learned a level 3 spell: Mephitic Cloud
 11703 | D:7      | Reached skill level 1 in Poison Magic
 12185 | D:8      | Found a blossoming altar of Fedhas.
 12331 | D:8      | Reached *** piety under Vehumet
 12363 | D:8      | Learned a level 3 spell: Conjure Flame
 12409 | D:8      | Reached skill level 1 in Air Magic
 12417 | D:8      | Reached XP level 10. HP: 60/60 MP: 2/19
 12751 | D:8      | Reached skill level 11 in Earth Magic
 13435 | D:9      | Offered knowledge of Sticky Flame by Vehumet.
 14271 | D:10     | Entered Level 10 of the Dungeon
 14302 | D:10     | Noticed a hill giant
 14542 | D:9      | Reached **** piety under Vehumet
 14868 | D:9      | Killed a hill giant
 15226 | D:10     | Offered knowledge of Static Discharge by Vehumet.
 15346 | D:10     | Noticed a hill giant
 15359 | D:10     | Slain by a hill giant

Vault maps used:
D:1:      tarquinn_simple_flora_water_d, item_on_display_a
D:2:      minmay_wonky_spiral, marbit_many_paths, lemuel_round_altar
D:3:      first_bread, minmay_misc_feat_chi, nemelex_xobeh_ov_fountains_minmay
D:4:      nicolae_overflow_crystal_walls
D:5:      tso_oasis_becter
D:6:      kennysheep_mini, nicolae_overflow_hidden_temple, uniq_edmund
D:8:      kennysheep_little_box, blue_anna_alchemist
D:10:     hangedman_cross_cluster, grunt_lair_entry_orc_guard_hut

Skill      XL: |  1  2  3  4  5  6  7  8  9 10 |
---------------+-------------------------------+-----
Earth Magic    | 4 5 6 7 9 10 11 | 11.6
Conjurations   | 1 3 4 5 7 |  7.5
Spellcasting   | 3 4 5 6 7 |  7.0
Fighting       | 1 3 4 6 7 |  7.1
Poison Magic   | 1 |  1.2
Dodging        | 2 3 |  3.5
Air Magic      | 1 |  1.3
Stealth        | |  2.1
Transmutations | |  0.7

Action                   |  1- 3 |  4- 6 |  7- 9 | 10-12 || total
-------------------------+-------+-------+-------+-------++-------
Melee: Unarmed           |    25 |       |       |       ||    25
       Short sword       |    46 |    69 |       |       ||   115
       Mace              |       |    10 |   224 |    59 ||   293
       Halberd           |       |       |       |   112 ||   112
Throw: Stone             |     8 |       |       |       ||     8
       Tomahawk          |     2 |       |       |       ||     2
 Cast: Sandblast         |    56 |    86 |    33 |     4 ||   179
       Stone Arrow       |       |     1 |    68 |    62 ||   131
       Searing Ray       |       |       |     6 |       ||     6
       Shock             |       |       |     1 |       ||     1
       Lee's Rapid Decon |       |       |    12 |    11 ||    23
       Mephitic Cloud    |       |       |       |    10 ||    10
       Conjure Flame     |       |       |       |     1 ||     1
 Abil: Evoke Flight      |       |       |       |     2 ||     2
Evoke: Wand              |       |       |       |     1 ||     1
  Use: Scroll            |     2 |     2 |     4 |     1 ||     9
       Potion            |       |     2 |     3 |     2 ||     7
 Stab: Sleeping          |     2 |     4 |     2 |     2 ||    10
  Eat: Chunk             |     8 |    11 |    20 |    13 ||    52
       Meat ration       |       |       |     1 |       ||     1
       Fruit             |       |       |       |     1 ||     1
       Pizza             |       |       |       |     1 ||     1
Armor: Robe              |    47 |    32 |   138 |   136 ||   353
Dodge: Dodged            |   104 |    69 |   194 |   204 ||   571
